 Dungeon Crawl Stone Soup version 0.30-a0-605-gb2882149bf (webtiles) character file.

Game seed: 15238077338617792458

2223 sokol815 the Destroyer (level 9, -1/51 HPs)
             Began as an Octopode Earth Elementalist on Jan 8, 2023.
             Was an Initiate of Gozag.
             Succumbed to a gnoll's poison
             ... on level 7 of the Dungeon.
             The game lasted 00:17:05 (7343 turns).

sokol815 the Destroyer (OpEE)                       Turns: 7343, Time: 00:17:05

Health: -1/51      AC:  1    Str: 11    XL:     9   Next: 35%
Magic:  21/21      EV: 13    Int: 21    God:    Gozag
Gold:   19         SH:  0    Dex: 13    Spells: 8/12 levels left

rFire   + . .      SeeInvis .    k - +5 spear "Newtslayer" {venom, Str+4}
rCold   + . .      Faith    .    (no shield)
rNeg    . . .      Spirit   .    (helmet restricted)
rPois   +          Reflect  .    (no amulet)
rElec   +          Harm     .    l - ring of flight {+Fly, !d}
rCorr   +          Rampage  .    v - ring of magical power {MP+9}
Will    .....                    (no ring)
Stlth   +++                      (no ring)
HPRegen 0.28/turn                (no ring)
MPRegen 0.17/turn                (no ring)
                                 (no ring)
                                 (no ring)

@: lethally poisoned (-1 -> -6), resistant, gold aura, flying
A: almost no armour, amphibious, 8 rings, camouflage 1, gelatinous body 1,
(nimble swimmer 1), tentacles
a: Renounce Religion, Potion Petition, Call Merchant, Bribe Branch


You were on level 7 of the Dungeon.
You worshipped Gozag.
Gozag was noncommittal.
You visited 2 branches of the dungeon, and saw 8 of its levels.
You also visited: Sewer.

You collected 671 gold pieces.
You spent 240 gold pieces at shops.
You paid 412 gold pieces to Gozag.

Inventory:

Hand Weapons
 a - a +1 vampiric dagger
   (You found it on level 1 of the Dungeon)
 c - a +3 dagger
   (You found it on level 5 of the Dungeon)
 i - a +0 war axe
   (You found it in a sewer)
 j - a +0 great mace
   (You found it in a sewer)
 k - the +5 spear "Newtslayer" (weapon) {venom, Str+4}
   (You found it on level 3 of the Dungeon)

   Str:       It affects your strength (+4).
 r - a +2 trident of protection
   (You took it off a gnoll sergeant on level 6 of the Dungeon)
Missiles
 h - 11 poisoned darts
 m - 5 javelins
 s - 55 stones
Armour
 g - a +0 kite shield
   (You took it off a gnoll sergeant on level 6 of the Dungeon)
 t - a +0 buckler
   (You took it off a gnoll sergeant on level 6 of the Dungeon)
Jewellery
 f - a ring of fire {rF+, rC-}
   (You found it on level 1 of the Dungeon)
 l - a ring of flight (left tentacle) {+Fly, !d}
   (You took it off a goblin on level 1 of the Dungeon)
 v - a ring of magical power (right tentacle) {MP+9}
   (You bought it in a shop on level 7 of the Dungeon)
Wands
 e - a wand of charming (12)
   (You found it on level 5 of the Dungeon)
 q - a wand of flame (18)
   (You found it on level 6 of the Dungeon)
 y - a wand of mindburst (22)
   (You found it on level 2 of the Dungeon)
Scrolls
 d - 2 scrolls of brand weapon
 n - a scroll of fog
 o - a scroll of enchant weapon
 p - a scroll of poison {!r}
 u - a scroll of identify {@r1}
 E - a scroll of fear
 V - 2 scrolls of vulnerability {!r!r}
Potions
 b - 2 potions of attraction {!q}
 B - a potion of brilliance
 H - a potion of haste
 L - a potion of flight
 M - 3 potions of magic
 U - a potion of mutation {!q}


   Skills:
 - Level 2.0 Dodging
 - Level 2.6 Stealth
 - Level 2.0 Spellcasting
 * Level 9.4 Conjurations
 - Level 1.0 Transmutations
 + Level 8.3 Earth Magic


You had 8 spell levels left.
You knew the following spells:

 Your Spells              Type           Power      Damage    Failure   Level
a - Sandblast             Erth           74%        2d16      1%          1
x - Stone Arrow           Conj/Erth      78%        3d11      1%          3

Your spell library contained the following spells:

 Spells                   Type           Power      Damage    Failure   Level
 Shock                    Conj/Air       84%        1d8       2%          1
 Passwall                 Tmut/Erth      17%        N/A       3%          2
 Beastly Appendage        Tmut           12%        N/A       10%         1
 Apportation              Tloc           4%         N/A       14%         1
 Necrotise                Necr           8%         1d4       14%         1
 Summon Small Mammal      Summ           8%         N/A       14%         1
 Wereblood                Tmut           6%         N/A       14%         2
 Petrify                  Tmut/Erth      21%        N/A       22%         4
 Spider Form              Tmut/Pois      4%         N/A       34%         3
 Portal Projectile        Hex/Tloc       4%         N/A       41%         3
 Swiftness                Air            2%         N/A       41%         3
 Tukima's Dance           Hex            2%         N/A       41%         3
 Airstrike                Air            1%         2d(1-17)  82%         4
 Blade Hands              Tmut           3%         N/A       95%         5
 Yara's Violent Unravell  Hex/Tmut       2%         3d3       97%         5
 Enfeeble                 Hex            1%         N/A       100%        7


Dungeon Overview and Level Annotations

Branches:
Dungeon (7/15) Zot: 26428  Temple (1/1) D:4 Zot: 5859   Sewer (visited)

Altars:
Ashenzari
Cheibriados
Elyvilon
Gozag
Kikubaaqudgha
Nemelex Xobeh
Okawaru
Ru
Trog
Wu Jian
Xom
Yredelemnul
Zin
The Shining One

Shops:
D:4 (   D:6 (   D:7 =?

Annotations:
D:4 2 transporters, acebull12's ghost, amateur OpBr


Innate Abilities, Weirdness & Mutations

You cannot wear most types of armour.
You are amphibious.
You can wear up to eight rings at the same time.
Your skin changes colour to match your surroundings (Stealth+).
Your rubbery body absorbs attacks. (AC +1, EV +1)
((You are camouflaged when in or above water. (Stealth+)))
You have tentacles for arms and can constrict up to eight enemies at once.


Message History

You hit the wyvern but do no damage.
The wyvern is poisoned.
You squeeze the wyvern. The wyvern bites you!! The wyvern barely misses you.
You take 18 damage, and have 33/51 hp.
MASSIVE DAMAGE!!
Aim: a wyvern (moderately wounded, very poisoned, 74% to hit)
The stone arrow hits the wyvern!
The wyvern bites you. x2
You take 6 damage, and have 27/51 hp.
You now have 9/12 mp.
Aim: a wyvern (heavily wounded, very poisoned, 74% to hit)
The stone arrow hits the wyvern!
The wyvern bites you!
You take 8 damage, and have 19/51 hp.
You now have 6/12 mp.
Aim: a wyvern (almost dead, very poisoned, 74% to hit)
The stone arrow hits the wyvern!
You kill the wyvern!
You now have 3/12 mp.
You start resting.
Health restored: 51; MP restored: 12 You now have 229 gold pieces (gained 16).
An ice beast comes into view.
Aim: an ice beast (74% to hit)
The stone arrow misses the ice beast.
You now have 9/12 mp.
Aim: an ice beast (74% to hit)
The stone arrow hits the ice beast!
You now have 6/12 mp.
Aim: an ice beast (moderately wounded, 74% to hit)
The stone arrow hits the ice beast!
The ice beast hits you. The ice beast freezes you!
You take 11 damage, and have 40/51 hp.
MASSIVE DAMAGE!!
You now have 3/12 mp.
Aim: an ice beast (almost dead, 74% to hit)
The stone arrow misses the ice beast.
The ice beast hits you but does no damage.
You now have 0/12 mp.
You hit the ice beast.
You kill the ice beast!
You start resting.
Health restored: 51; MP restored: 12 You now have enough gold to buy a ring of magical power on this level.
You now have 246 gold pieces (gained 17).
You now have 259 gold pieces (gained 13).
There is a fountain of clear blue water here.
An orc comes into view. It is wielding a +0 hand axe.
A necrophage comes into view.
There is an open door here.
There is an entrance to Narocs's Jewellery Shoppe here.
v - a ring of magical power {MP+9} Thank you for shopping at Narocs's Jewellery Shoppe!
You feel your magic capacity increase.
v - a ring of magical power (right tentacle) {MP+9}
There is an open door here.
You reach down and open the door.
A gnoll sergeant and 2 gnolls come into view.
The gnoll sergeant moves out of view.
MP restored: 21
There is an open door here.
You reach to attack!
You strike the helpless gnoll from behind!
You hit the gnoll.
The gnoll is poisoned.
The gnoll shouts!
The gnoll misses you.
You reach to attack!
The gnoll sergeant shouts!
The gnoll shouts!
You hit the gnoll.
The gnoll looks as sick as possible!
The gnoll hits you from afar with a +0 halberd of venom!
You are poisoned.
The gnoll hits you from afar with a +0 halberd of venom!
You are more poisoned.
You take 30 damage, and have 21/51 hp.
MASSIVE DAMAGE!!
You feel very sick.
The gnoll sergeant throws a stone.
The stone hits you.
* * * LOW HITPOINT WARNING * * *
You take 10 damage, and have 11/51 hp.
* * * LOW HITPOINT WARNING * * *
You feel very sick.
You kill the gnoll!
You take 3 damage, and have 8/51 hp.
Okay, then.
Really read
D - a scroll of blinking {!r}?
Blink to where?
As you read the scroll of blinking {!r}, it crumbles to dust.
* * * LOW HITPOINT WARNING * * *
You feel very sick.
You take 3 damage, and have 5/51 hp.
You feel protected.
* * * LOW HITPOINT WARNING * * *
You feel sick.
You take 2 damage, and have 3/51 hp.
Okay, then.
Okay, then.
* * * LOW HITPOINT WARNING * * *
You feel sick.
You take 1 damage, and have 2/51 hp.
* * * LOW HITPOINT WARNING * * *
You feel sick.
There is an entrance to Narocs's Jewellery Shoppe here.
You take 1 damage, and have 1/51 hp.
You die...
Your body crumbles into a pile of gold.

#..........# #.# #......###.
#####..........####.###<.........
#......##........................
#......##........##.###∩.....####
#......##........##.# #......# #
.......##........##.# #8.###.#
.......###....#####.# #..# #.#***
.......###.########+###### #..,,,
#....).+........@∩...# ####**
#......####..........# # #......#
#..........# **#
#####..#**#########'## *,,
#.>..##########.#*#######**,,
#...............#*.......,*,,
##.###...#..##..#*.......,*,,
#.#,,,##.##.#.g##.......,*,,
***##..,,*#.♣.##....'...g...,+,,


There were no monsters in sight!

Vanquished Creatures
  A wyvern (D:7)
  Menkaure (D:5)
  An ice beast (D:7)
  A sky beast (D:7)
  2 ogres (D:4)
  2 wolves (D:6)
  2 phantoms
  2 bullfrogs
  4 gnoll sergeants (D:6)
  A scorpion (D:4)
  2 howler monkeys
  3 hounds
  5 jellies
  2 orc priests
  A gnoll bouda (D:5)
  An iguana (D:5)
  An orc wizard (D:6)
  13 gnolls
  11 adders
  A white imp (D:5)
  An ufetubus (D:5)
  3 worms
  3 dart slugs
  22 orcs
  10 endoplasms
  11 giant cockroaches
  6 goblins
  5 hobgoblins (D:1)
  5 jackals
  6 quokkas
  13 ball pythons
  2 bats
  13 frilled lizards
  4 kobolds
  10 rats
171 creatures vanquished.

Vanquished Creatures (others)
  3 plants (D:4)
3 creatures vanquished.

Grand Total: 174 creatures vanquished

Notes
Turn   | Place    | Note
-------+----------+-------------------------------------------
     0 | D:1      | sokol815 the Octopode Earth Elementalist began the quest
                  | for the Orb.
     0 | D:1      | Reached XP level 1. HP: 11/11 MP: 3/3
   199 | D:1      | Reached XP level 2. HP: 17/17 MP: 1/5
   508 | D:1      | Reached skill level 4 in Earth Magic
   566 | D:1      | Found a faded altar of an unknown god.
   754 | D:1      | Reached XP level 3. HP: 21/21 MP: 4/6
  1229 | D:2      | Reached XP level 4. HP: 10/27 MP: 3/7
  1232 | D:2      | HP: 6/27 [poisoned by an adder]
  1848 | D:3      | Learned a level 3 spell: Stone Arrow
  1982 | D:3      | Reached skill level 1 in Conjurations
  2009 | D:3      | Reached skill level 5 in Earth Magic
  2130 | D:3      | Found a glowing drain.
  2137 | Sewer    | Entered a sewer
  2258 | Sewer    | Reached XP level 5. HP: 31/31 MP: 6/8
  2292 | Sewer    | Reached skill level 2 in Conjurations
  2392 | Sewer    | Reached skill level 3 in Conjurations
  2639 | D:3      | Identified the +5 spear "Newtslayer" {venom, Str+4}
  2937 | D:3      | Reached XP level 6. HP: 36/36 MP: 9/9
  3078 | D:4      | Reached skill level 4 in Conjurations
  3109 | D:4      | Found Xacousac's Antique Weapon Emporium.
  3293 | D:4      | Found a transporter.
  3298 | D:4      | Found a transporter.
  3298 | D:4      | Noticed acebull12's ghost (amateur OpBr)
  3304 | D:4      | Found a sparkling altar of Nemelex Xobeh.
  3419 | D:4      | Reached XP level 7. HP: 41/41 MP: 10/10
  3437 | D:4      | Reached skill level 6 in Earth Magic
  3520 | D:4      | Reached skill level 5 in Conjurations
  3603 | D:4      | Found a staircase to the Ecumenical Temple.
  3614 | Temple   | Entered the Ecumenical Temple
  3688 | Temple   | Became a worshipper of Gozag Ym Sagoz the Greedy
  3796 | D:4      | Found a glowing golden altar of the Shining One.
  3936 | D:5      | Entered Level 5 of the Dungeon
  4057 | D:5      | Found a sacrificial altar of Ru.
  4163 | D:5      | Reached skill level 6 in Conjurations
  4345 | D:5      | Reached XP level 8. HP: 46/46 MP: 9/11
  4419 | D:5      | Noticed Menkaure
  4425 | D:5      | Killed Menkaure
  4478 | D:5      | Reached skill level 7 in Earth Magic
  4845 | D:6      | Reached skill level 7 in Conjurations
  4999 | D:6      | HP: 7/46 [gnoll/+0 whip (6)]
  5461 | D:6      | HP: 8/46 [gnoll sergeant/+0 trident (16)]
  5808 | D:6      | Found Qashasil's Antique Weapon Boutique.
  5905 | D:6      | Reached skill level 8 in Conjurations
  6080 | D:6      | Reached XP level 9. HP: 45/51 MP: 6/12
  6436 | D:6      | Found a basalt altar of Yredelemnul.
  6817 | D:7      | Found Cythriof's Magic Scroll Boutique.
  6820 | D:7      | Reached skill level 8 in Earth Magic
  6869 | D:7      | HP: 11/51 [something (4)]
  6869 | D:7      | HP: 5/51 [something (6)]
  6874 | D:7      | Reached skill level 9 in Conjurations
  7002 | D:7      | Found Narocs's Jewellery Shoppe.
  7272 | D:7      | Bought a ring of magical power for 240 gold pieces
  7337 | D:7      | HP: 11/51 [gnoll sergeant/stone (5)]
  7339 | D:7      | HP: 5/51 [poisoned by a gnoll]
  7341 | D:7      | HP: 2/51 [poisoned by a gnoll]
  7343 | D:7      | Succumbed to a gnoll's poison

Illustrated notes

Levels and vault maps discovered:
D:1:      erik_arrival_blinker_ship, layout_basic,
          hellmonk_ecumenical_altar_leap_of_faith,
          nicolae_concentric_dashed_squares_wild, feat_on_display
D:2:      layout_rooms
D:3:      minmay_angry_zag, layout_rooms, portal_sewer_entry_e
D:4:      layout_rooms, tso_altar, mainiacjoe_overflow_surrounded_room,
          minmay_temple_entry_mist, serial_shops,
          nicolae_shop_overgrown_old_shop, gammafunk_ghost_arena
D:5:      layout_rooms, nicolae_ru_awakened_eye, uniq_menkaure
D:6:      layout_cave_pools, nicolae_overflow_hidden_temple, serial_gnoll_camp,
          gnoll_camp_huts_basic, gnoll_camp_mini_hut, gnoll_camp_mini_shop,
          gnoll_camp_mini_house, st_stairs_12
D:7:      layout_basic, serial_shops, shop, shop_statue,
          grunt_decor_mini_mirrors, nrook_mini_vaults
Temple:   nicolae_temple_bog_church

Skill      XL: |  1  2  3  4  5  6  7  8  9 |
---------------+----------------------------+-----
Earth Magic    | 4 5 6 7 8 |  8.3
Conjurations   | 1 3 4 6 8 9 |  9.4
Dodging        | |  2.0
Stealth        | |  2.6
Spellcasting   | |  2.0
Transmutations | |  1.0

Action                   |  1- 3 |  4- 6 |  7- 9 || total
-------------------------+-------+-------+-------++-------
Melee: Unarmed           |     8 |       |       ||     8
       Dagger            |    13 |    15 |       ||    28
       Constrict         |     8 |     7 |    13 ||    28
       Tentacles         |     8 |     5 |    21 ||    34
       Punch             |       |     1 |     2 ||     3
       Spear             |       |    25 |    97 ||   122
 Cast: Sandblast         |    30 |    72 |    36 ||   138
       Stone Arrow       |       |       |    42 ||    42
Invok: Potion Petition   |       |       |     1 ||     1
  Use: Scroll            |       |     7 |    12 ||    19
       Potion            |       |       |     4 ||     4
 Stab: Sleeping          |       |     4 |     1 ||     5
       Distracted        |       |     1 |     1 ||     2
Armor: Skin              |       |     1 |     3 ||     4
Dodge: Dodged            |    12 |    19 |    48 ||    79

Table legend: (Time is in decaauts)
 A = Elapsed time spent in this place.
 B = Non-inter-level travel time spent in this place.
 C = Inter-level travel time spent in this place.
 D = Time resting spent in this place.
 E = Time spent auto-exploring this place.
 F = Levels seen in this place.
 G = Mean time per level.
                   A        B        C        D        E       F      G
               +--------+--------+--------+--------+--------+-----+--------+
         Total |   7434 |   7221 |    213 |   1704 |   4208 |   9 |  826.0 |
       Dungeon |   6855 |   6661 |    194 |   1580 |   3910 |   7 |  979.3 |
        Temple |    140 |    121 |     19 |      0 |    111 |   1 |  140.0 |
         Sewer |    437 |    437 |      0 |    124 |    187 |   1 |  437.0 |
               +--------+--------+--------+--------+--------+-----+--------+

Top non-repeatable levels by time:
     D:6: 1522 daAuts
     D:5: 1267 daAuts
     D:1: 1099 daAuts
     D:3: 898 daAuts
     D:4: 760 daAuts
     D:2: 756 daAuts
     D:7: 551 daAuts
   Sewer: 437 daAuts
  Temple: 140 daAuts

Table legend:
 A = Kills in this place as a percentage of kills in entire the game.
 B = Kills by you in this place as a percentage of kills by you in the entire game.
 C = Kills by friends in this place as a percentage of kills by friends in the entire game.
 D = Other kills in this place as a percentage of other kills in the entire game.
 E = Experience gained in this place as a percentage of experience gained in the entire game.
 F = Experience gained in this place divided by the number of levels of this place that you have seen.
                   A       B       C       D       E      F
               +-------+-------+-------+-------+-------+----------------------
         Total | 100.0 | 100.0 |   N/A |   N/A | 100.0 | 352.9
       Dungeon |  86.5 |  86.5 |   N/A |   N/A |  95.3 | 432.6
         Sewer |  13.5 |  13.5 |   N/A |   N/A |   4.7 | 148.0
               +-------+-------+-------+-------+-------+----------------------
